 Dungeon Crawl Stone Soup version 0.26.1-11-gd32895ea62 (webtiles) character file.

Game seed: 597483439439978501

1423 nomophobia the Chopper (level 8, -4/58 HPs)
             Began as a Demonspawn Berserker on May 23, 2021.
             Was a Priest of Trog.
             Slain by an orc warrior
             ... wielding a +0 glaive
              (11 damage)
             ... on level 6 of the Dungeon.
             The game lasted 00:32:38 (4823 turns).

nomophobia the Chopper (Demonspawn Berserker)       Turns: 4823, Time: 00:32:39

Health: -4/58      AC: 18    Str: 21    XL:     8   Next: 44%
Magic:  8/8        EV:  7    Int:  8    God:    Trog [***...]
Gold:   174        SH:  0    Dex: 14    Spells: 7/7 levels left

rFire    . . .     SeeInvis +   a - +0 hand axe
rCold    . . .     Faith    .   (no shield)
rNeg     . . .     Spirit   .   h - +1 plate armour
rPois    .         Reflect  .   (helmet unavailable)
rElec    .         Harm     .   m - +0 cloak {rCorr}
rCorr    +         Rampage  .   c - +2 pair of gloves
Will     ++...                  (no boots)
Stlth    ..........             (no amulet)
HPRegen  1.19/turn              (no ring)
MPRegen  0.11/turn              (no ring)

@: berserk cooldown, regenerating, slowed, very slow
A: antennae 3, thin skeletal structure 1, demonic guardian 1, spiny 1
a: Renounce Religion, Berserk, Trog's Hand


You were on level 6 of the Dungeon.
You worshipped Trog.
Trog was most pleased with you.
You visited 1 branch of the dungeon, and saw 6 of its levels.

You collected 174 gold pieces.

Inventory:

Hand Weapons
 a - a +0 hand axe (weapon)
Armour
 c - a +2 pair of gloves (worn)
 h - a +1 plate armour (worn)
 m - a +0 cloak of preservation (worn)
Jewellery
 f - an uncursed ring of see invisible {unknown}
 q - a cursed ring of flight {unknown}
Scrolls
 b - 6 scrolls of remove curse
 d - a scroll of identify
 j - 4 scrolls of teleportation
Potions
 e - a potion of brilliance
 g - a potion of ambrosia
 i - a potion of haste
 k - 2 potions of heal wounds
 l - 3 potions of flight
 n - a potion of mutation {unknown}
 o - 2 potions of lignification


   Skills:
 - Level 3.0 Fighting
 + Level 7.3 Axes
 + Level 7.0 Armour
 - Level 1.7 Dodging


You had 7 spell levels left.
You didn't know any spells.
Your spell library was empty.

Dungeon Overview and Level Annotations

Branches:
Dungeon (6/15)             Temple (0/1) D:4

Altars:
Kikubaaqudgha
Sif Muna


Innate Abilities, Weirdness & Mutations

You have a pair of large antennae on your head. (SInv)
You have a somewhat thin skeletal structure. (Dex +2, Stealth)
A weak demonic guardian rushes to your aid.
You are partially covered in sharp spines.


Message History

Your quasit misses the orc warrior.
Your quasit barely misses the orc warrior.
Your skin crawls.
You feel strong-willed.
Your quasit bites the orc warrior but does no damage.
Your quasit closely misses the orc warrior.
Your quasit claws the orc warrior but does no damage.
Your quasit bites the orc warrior but does no damage.
Your quasit claws the orc warrior but does no damage.
Your quasit completely misses the orc warrior.
The orc warrior misses your quasit.
Your quasit bites the orc warrior.
Your quasit claws the orc warrior but does no damage. x2
Your quasit closely misses the orc warrior. x2
Your quasit barely misses the orc warrior.
Your quasit bites the orc warrior but does no damage.
Your quasit claws the orc warrior but does no damage. x2
Your quasit bites the orc warrior but does no damage.
Your quasit claws the orc warrior but does no damage. x2
The orc warrior hits you from afar with a +0 glaive!
You die...

#.## #).# #.[##
#.##..## #......#
#####).# #####
#.{#### #<..#
#.....# #####.#
##.##.###55@..#
####..#...#o#####
......#.###o#
......#.###o#
......).....#
.......######
#.....#>( .....##
....


You could see an orc warrior and 2 friendly quasits.

Vanquished Creatures
  Grinder (D:5)
  Sigmund (D:2)
  An orc warrior (D:6)
  A sky beast (D:5)
  2 ogres
  A centaur (D:5)
  A bullfrog (D:6)
  An orc priest (D:6)
  A centaur skeleton (D:4)
  2 iguanas (D:4)
  Terence (D:2)
  2 worker ants (D:4)
  8 gnolls
  8 adders
  A white imp (D:5)
  An ufetubus (D:5)
  A worm (D:2)
  A dart slug (D:2)
  2 leopard geckos
  16 orcs
  A giant cockroach (D:4)
  4 goblins (D:2)
  5 hobgoblins
  6 jackals
  7 kobolds
  2 ball pythons
  A ball python skeleton (D:4)
  3 bats (D:2)
  4 frilled lizards
  A giant cockroach zombie (D:5)
  A leopard gecko zombie (D:5)
  9 rats
97 creatures vanquished.

Vanquished Creatures (collateral kills)
  An ogre (D:5)
  A bullfrog (D:2)
  A scorpion (D:4)
  A howler monkey (D:6)
  An orc priest (D:6)
  A hound skeleton (D:5)
6 creatures vanquished.

Grand Total: 103 creatures vanquished

Notes
Turn   | Place    | Note
-------+----------+-------------------------------------------
     0 | D:1      | nomophobia the Demonspawn Berserker began the quest for the
                  | Orb.
     0 | D:1      | Reached XP level 1. HP: 18/18 MP: 1/1
   607 | D:1      | Gained mutation: A weak demonic guardian rushes to your
                  | aid. [demonic ancestry]
   607 | D:1      | Reached XP level 2. HP: 24/24 MP: 2/2
  1176 | D:2      | Noticed Sigmund
  1330 | D:2      | Killed Sigmund
  1331 | D:2      | Gained mutation: You have a pair of small antennae on your
                  | head. [demonic ancestry]
  1331 | D:2      | Reached XP level 3. HP: 29/29 MP: 3/3
  1331 | D:2      | Gained mutation: You are partially covered in sharp spines.
                  | [demonic ancestry]
  1331 | D:2      | Reached XP level 4. HP: 35/35 MP: 4/4
  1331 | D:2      | Gained mutation: You have a pair of antennae on your head.
                  | [demonic ancestry]
  1331 | D:2      | Reached XP level 5. HP: 41/41 MP: 5/5
  1771 | D:2      | Noticed Terence
  1781 | D:2      | Killed Terence
  1782 | D:2      | Gained mutation: You have a pair of large antennae on your
                  | head. (SInv) [demonic ancestry]
  1782 | D:2      | Reached XP level 6. HP: 47/47 MP: 6/6
  1885 | D:2      | Reached ** piety under Trog
  2037 | D:2      | Found an ancient bone altar of Kikubaaqudgha.
  2140 | D:3      | Reached skill level 5 in Axes
  2680 | D:4      | Reached skill level 5 in Armour
  2915 | D:4      | Found a staircase to the Ecumenical Temple.
  3009 | D:4      | Gained mutation: You have a somewhat thin skeletal
                  | structure. (Dex +2, Stealth) [demonic ancestry]
  3009 | D:4      | Reached XP level 7. HP: 52/52 MP: 7/7
  3489 | D:4      | Reached *** piety under Trog
  3606 | D:4      | Found a shimmering blue altar of Sif Muna.
  3819 | D:5      | Entered Level 5 of the Dungeon
  3881 | D:5      | Noticed Grinder
  3891 | D:5      | Paralysed by Grinder for 5 turns
  3899 | D:5      | Killed Grinder
  4450 | D:5      | Reached XP level 8. HP: 58/58 MP: 8/8
  4823 | D:6      | Slain by an orc warrior

Illustrated notes

Levels and vault maps discovered:
D:1:      ncdulo_lavacross, layout_basic
D:2:      layout_rooms, lemuel_round_altar, uniq_sigmund, uniq_terence
D:3:      layout_rooms, minmay_fountain_box
D:4:      cheibrodos_quashed, layout_loops_ring, marbit_many_paths,
          minmay_temple_entry_arrows
D:5:      layout_cave_pods, uniq_grinder
D:6:      layout_basic

Skill      XL: |  1  2  3  4  5  6  7  8 |
---------------+-------------------------+-----
Armour         | 2 3 4 5 6 7 |  7.0
Axes           | 3 4 5 6 7 |  7.3
Fighting       | |  3.0
Dodging        | |  1.7

Action                   |  1- 3 |  4- 6 |  7- 9 || total
-------------------------+-------+-------+-------++-------
Melee: Hand axe          |    68 |   128 |   130 ||   326
Invok: Berserk           |     2 |     5 |     2 ||     9
       Trog's Hand       |       |       |     1 ||     1
  Use: Scroll            |     3 |     5 |     8 ||    16
Armor: Animal skin       |    15 |       |       ||    15
       Plate armour      |    29 |    71 |    65 ||   165
Dodge: Dodged            |    24 |    41 |    34 ||    99
